 Dungeon Crawl Stone Soup version 0.29.0-4-gdea44cf6ec (webtiles) character file.

Game seed: 15552458764756251839

13 qw the Chopper (level 2, -2/17 HPs)
             Began as a Tengu Warper on Aug 28, 2022.
             Slain by a kobold
             ... wielding a +0 whip
              (5 damage)
             ... on level 1 of the Dungeon.
             The game lasted 00:00:01 (123 turns).

qw the Chopper (Tengu Warper)                        Turns: 123, Time: 00:00:01

Health: -2/17      AC:  3    Str: 11    XL:     2   Next: 37%
Magic:  6/6        EV: 11    Int: 13    God:
Gold:   0          SH:  0    Dex: 13    Spells: 5/5 levels left

rFire   . . .      SeeInvis .   a - +0 hand axe
rCold   . . .      Faith    .   (no shield)
rNeg    . . .      Spirit   .   b - +0 leather armour
rPois   .          Reflect  .   (helmet restricted)
rElec   .          Harm     .   (no cloak)
rCorr   .          Rampage  .   (no gloves)
Will    .....                   (boots unavailable)
Stlth   +.........              (no amulet)
HPRegen 0.05/turn               (no ring)
MPRegen 0.10/turn               (no ring)

@: no status effects
A: beak, talons 3
a: no special abilities


You were on level 1 of the Dungeon.
You visited 1 branch of the dungeon, and saw 1 of its levels.


Innate Abilities, Weirdness & Mutations

You have a beak for a mouth.
You have claws for feet.


   Skills:
 - Level 2.0 Fighting
 + Level 3.3 Axes
 - Level 1.0 Throwing
 - Level 1.1 Armour
 - Level 2.1 Dodging
 - Level 2.0 Spellcasting
 - Level 2.4 Translocations


You had 5 spell levels left.
You didn't know any spells.
Your spell library contained the following spells:

 Spells                   Type           Power      Damage    Failure   Level
 Blink                    Tloc           14%        N/A       19%         2
 Gell's Gravitas          Tloc           7%         N/A       36%         3
 Lesser Beckoning         Tloc           7%         N/A       36%         3
 Teleport Other           Tloc           7%         N/A       36%         3
 Manifold Assault         Tloc           7%         N/A       98%         5

Inventory:

Hand Weapons
 a - a +0 hand axe (weapon)
 e - a +2 whip of venom
Missiles
 d - 6 boomerangs of dispersal (quivered)
Armour
 b - a +0 leather armour (worn)
Scrolls
 c - a scroll of blinking

Dungeon Overview and Level Annotations

Branches:
Dungeon (1/15)

Altars:


Message History

A kobold comes into view. It is wielding a +0 whip.
The jackal barely misses you. The dart slug completely misses you.
You barely miss the jackal. Your kick misses the jackal.
The jackal is heavily wounded.
You hit the dart slug but do no damage. You hit the kobold but do no damage.
The jackal bites you. The kobold hits you with a +0 dagger.
The dart slug closely misses you.
You hit the jackal. Your kick misses the jackal. You peck the jackal.
You kill the jackal!
You miss the kobold. You hit the dart slug. The kobold closely misses you.
The jackal bites you but does no damage.
The dart slug barely misses you.
Your Axes skill increases to level 3!
You hit the dart slug.
The dart slug is severely wounded.
You closely miss the jackal. You barely miss the kobold.
You closely miss the kobold. The jackal closely misses you.
The kobold hits you with a +0 dagger. x2
The dart slug closely misses you.
You hit the dart slug. You claw the dart slug.
You kill the dart slug!
You hit the kobold. x2
You kill the kobold!
You hit the jackal but do no damage. The jackal closely misses you.
The kobold hits you but does no damage. The jackal bites you.
You hit the kobold.
You kill the kobold!
You barely miss the jackal. You hit the jackal.
You hit the jackal but do no damage.
The jackal bites you but does no damage.
The jackal misses you.
The jackal bites you but does no damage.
You hit the jackal.
The jackal is severely wounded.
You hit the jackal but do no damage. You hit the kobold but do no damage.
You hit the jackal.
The jackal bites you. x3; The kobold hits you with a +0 whip.
You die...

........^......
........>......
..........>....
...............
...............
...............
......hhK...$..
#@h.# #..##
#..# ##:.## #.
#....## .
#.##..## .. #.
#.###..#
..#.###.##..##
#.#........##


You could see 3 jackals and a kobold.

Vanquished Creatures
  A dart slug (D:1)
  5 jackals (D:1)
  2 kobolds (D:1)
  A bat (D:1)
  A rat (D:1)
10 creatures vanquished.

Notes
Turn   | Place    | Note
-------+----------+-------------------------------------------
     0 | D:1      | qw the Tengu Warper began the quest for the Orb.
     0 | D:1      | Reached XP level 1. HP: 12/12 MP: 4/4
     0 | D:1      | 0 ||| qw: Version: 0.1-a-89-g26bdef1
     0 | D:1      | 0 ||| qw: Game counter: 1807
     0 | D:1      | 0 ||| qw: Always use a shield: true
     0 | D:1      | 0 ||| qw: God list: Okawaru
     0 | D:1      | 0 ||| qw: Allow faded altars: false
     0 | D:1      | 0 ||| qw: Do Orc after D:15 true
     0 | D:1      | 0 ||| qw: Do second Lair branch before Depths: true
     0 | D:1      | 0 ||| qw: Lair rune preference: random
     0 | D:1      | 0 ||| qw: Plans: Normal
     0 | D:1      | 0 ||| PLANNING D:1-11
   115 | D:1      | Reached XP level 2. HP: 16/17 MP: 6/6
   120 | D:1      | Reached skill level 3 in Axes
   123 | D:1      | HP: 4/17 [jackal (3)]
   123 | D:1      | Slain by a kobold

Levels and vault maps discovered:
D:1:      dpeg_arrival_connections, layout_rooms, dreamdust_mushroom_princess,
          minmay_pentomino_t4

Skill      XL: |  1  2 |
---------------+-------+-----
Axes           | 3 |  3.3
Fighting       | |  2.0
Throwing       | |  1.0
Armour         | |  1.1
Dodging        | |  2.1
Spellcasting   | |  2.0
Translocations | |  2.4

Action                   || total
-------------------------++-------
Melee: Hand axe          ||    16
       Kick              ||     4
       Peck              ||     3
Throw: Boomerang         ||     1
Armor: Leather armour    ||     5
Dodge: Dodged            ||    16

Table legend:
 A = Non-vault XP
 B = Vault XP
 C = Vault XP percentage of total XP
 D = Non-vault monster count
 E = Vault monster count
 F = Vault count percentage of total count
                 A         B        C        D         E       F
            +---------+---------+-------+---------+---------+-------
      Total |      19 |       0 |   0.0 |      10 |       0 |   0.0
            +---------+---------+-------+---------+---------+-------
        D:1 |      19 |       0 |   0.0 |      10 |       0 |   0.0
            +---------+---------+-------+---------+---------+-------
